 Dungeon Crawl Stone Soup version 0.31.0-2-g5a2aebc5c2 (webtiles) character file.

Game seed: 11379419074568385649

5 Aviak the Caller (level 1, -2/13 HPs)
             Began as a Gnoll Summoner on Jan 20, 2024.
             Slain by a ball python (3 damage)
             ... on level 1 of the Dungeon.
             The game lasted 00:00:22 (99 turns).

Aviak the Caller (Gnoll Summoner)                     Turns: 99, Time: 00:00:23

Health: -2/13      AC:  2    Str:  7    XL:     1   Next: 80%
Magic:  4/6        EV: 13    Int: 14    God:
Gold:   9          SH:  0    Dex: 12    Spells: 8/9 levels left

rFire   . . .        c - +2 long sword (protect)
rCold   . . .        (no shield)
rNeg    . . .        a - +0 robe
rPois   .            (no helmet)
rElec   .            (no cloak)
rCorr   .            (no gloves)
SInv    .            (no boots)
Will    .....        (no amulet)
Stlth   ++           (no ring)
HPRegen 0.22/turn    (no ring)
MPRegen 0.10/turn

%: no passive effects
@: no status effects
A: fangs 1, strong nose, distributed training
a: no special abilities


You were on level 1 of the Dungeon.
You visited 1 branch of the dungeon, and saw 1 of its levels.

You collected 9 gold pieces.

Inventory:

Hand Weapons
 c - a +2 long sword of protection (weapon)
Armour
 a - a +0 robe (worn)
Scrolls
 d - a scroll of amnesia {unknown}
Potions
 b - a potion of magic


   Skills:
 + Level 0.1 Fighting
 + Level 0.1 Short Blades
 + Level 0.1 Long Blades
 + Level 0.1 Axes
 + Level 0.1 Maces & Flails
 + Level 0.1 Polearms
 + Level 0.1 Staves
 + Level 0.1 Ranged Weapons
 + Level 0.1 Throwing
 + Level 0.1 Armour
 + Level 4.4 Dodging
 + Level 4.0 Stealth
 + Level 0.1 Shields
 + Level 0.1 Unarmed Combat
 + Level 4.9 Spellcasting
 + Level 0.1 Conjurations
 + Level 0.1 Hexes
 + Level 7.0 Summonings
 + Level 0.1 Necromancy
 + Level 0.1 Translocations
 + Level 0.1 Fire Magic
 + Level 0.1 Ice Magic
 + Level 0.1 Air Magic
 + Level 0.1 Earth Magic
 + Level 0.1 Alchemy
 + Level 0.2 Invocations
 + Level 0.1 Evocations
 + Level 0.1 Shapeshifting


You had 8 spell levels left.
You knew the following spells:

 Your Spells              Type           Power      Damage    Failure   Level
a - Summon Small Mammal   Summ           92%        N/A       1%          1

Your spell library contained the following spells:

 Spells                   Type           Power      Damage    Failure   Level
 Call Imp                 Summ           46%        N/A       1%          2
 Call Canine Familiar     Summ           23%        N/A       3%          3
 Summon Blazeheart Golem  Fire/Summ      13%        N/A       38%         4
 Summon Lightning Spire   Summ/Air       13%        N/A       38%         4


Dungeon Overview and Level Annotations

Branches:
Dungeon (1/15)

Altars:


Innate Abilities, Weirdness & Mutations

You have very sharp teeth.
Your uncanny sense of smell can sniff out nearby items.
Your experience applies equally to all skills.


Message History

Your bat hits the hobgoblin but does no damage.
Your bat disappears in a puff of smoke!
Found a grey potion.
The hobgoblin hits you but does no damage.
Your rat bites the hobgoblin.
You hit the hobgoblin.
Your weapon exudes an aura of protection.
You kill the hobgoblin!
No target in view!
A kobold comes into view. It is wielding a +0 short sword.
A kobold is nearby!
A kobold is nearby!
Found a spear.
A ball python comes into view.
The kobold shouts!
The ball python hisses angrily.
Your quokka disappears in a puff of smoke!
Found 7 stones.
Your rat misses the kobold.
Your rat disappears in a puff of smoke!
The kobold misses you.
Your quokka bites the kobold but does no damage.
You barely miss the ball python. The kobold closely misses you.
The ball python bites you. The ball python grabs you.
The ball python constricts you.
Your quokka completely misses the kobold.
The kobold hits you with a +0 short sword.
The ball python bites you. The ball python constricts you.
You barely miss the ball python.
Your quokka closely misses the ball python.
The kobold hits you with a +0 short sword.
* * * LOW HITPOINT WARNING * * *
The ball python bites you but does no damage.
The ball python constricts you.
Your quokka bites the kobold.
The kobold dies!
Okay, then.
You escape the ball python's grasp.
You swap places.
Your quokka misses the ball python.
Your quokka closely misses the ball python.
The ball python bites you.
You die...

...............~ ......(
....###.....~~~ .......
#..##.......~
.......#####.......#....
##.....#...).......##...
#..)...............#8..~
...................#....
.......Sr..............#
.......@r............###
.........§§)...#...###
........§.§....#...#####
...............#.....(..
#..................####.
##......................
..#####.................
.. ###...#†.###......
#....... ......#


You could see a ball python (ally target) and 2 friendly quokkas.

Vanquished Creatures
  A giant cockroach (D:1)
  A hobgoblin (D:1)
2 creatures vanquished.

Vanquished Creatures (collateral kills)
  A hobgoblin (D:1)
  A kobold (D:1)
2 creatures vanquished.

Grand Total: 4 creatures vanquished

Notes
Turn   | Place    | Note
-------+----------+-------------------------------------------
     0 | D:1      | Aviak the Gnoll Summoner began the quest for the Orb.
     0 | D:1      | Reached XP level 1. HP: 13/13 MP: 6/6
    99 | D:1      | Slain by a ball python

Illustrated notes

Levels and vault maps discovered:
D:1:      eino_arrival_water_star, layout_rooms, minmay_indecisive_spiral

Action                     || total
---------------------------++-------
  Melee: Long sword        ||     4
         Unarmed           ||     3
   Cast: Summon Small Mamm ||     6
 Armour: Robe              ||     9
  Dodge: Dodged            ||     5
